 Dungeon Crawl Stone Soup version 0.31-a0-1499-ge0622b2318 (webtiles) character file.

Game seed: 15625702442817212355

1101 boo the Cleaver (level 8, -4/70 HPs)
             Began as a Hill Orc Fighter on Dec 29, 2023.
             Splashed by a jelly's acid (5 damage)
             ... on level 5 of the Dungeon.
             The game lasted 00:07:47 (5015 turns).

boo the Cleaver (Hill Orc Fighter)                  Turns: 5015, Time: 00:07:47

Health: -4/70      AC:  3    Str: 21    XL:     8   Next: 32%
Magic:  8/8        EV:  9    Int:  8    God:
Gold:   366        SH:  5    Dex: 10    Spells: 7/7 levels left

rFire   + . .        a - +0 war axe
rCold   . . .        c - +0 buckler
rNeg    . . .        b - +0 scale mail
rPois   .            (no helmet)
rElec   .            (no cloak)
rCorr   .            (no gloves)
SInv    .            (no boots)
Will    .....        (no amulet) Stlth
                     i - +4 ring of protection
HPRegen 0.31/turn    s - ring of protection from fire
MPRegen 0.11/turn

%: no passive effects
@: corroded
A: no striking features
a: no special abilities


You were on level 5 of the Dungeon.
You visited 1 branch of the dungeon, and saw 5 of its levels.

You collected 366 gold pieces.

Inventory:

Hand Weapons
 a - a +0 war axe (weapon)
Missiles
 r - 3 throwing nets
Armour
 b - a +0 scale mail (worn)
 c - a +0 buckler (worn)
Jewellery
 i - a +4 ring of protection (left hand)
 s - a ring of protection from fire (right hand)
Wands
 q - a wand of charming (5)
Scrolls
 h - a scroll of fog
 j - 3 scrolls of summoning
 k - a scroll of revelation {unknown}
 n - a scroll of teleportation {unknown}
 o - a scroll of vulnerability {unknown}
 t - a scroll of acquirement {unknown}
 w - 4 scrolls of enchant armour
 y - a scroll of poison
Potions
 d - 2 potions of might
 e - 3 potions of heal wounds
 f - a potion of brilliance {unknown}
 g - 4 potions of curing
 l - a potion of cancellation {unknown}
 m - a potion of haste {unknown}
 p - a potion of resistance {unknown}
 u - a potion of ambrosia
 v - a potion of magic {unknown}


   Skills:
 + Level 6.2 Fighting
 * Level 8.3 Axes
 + Level 5.7 Armour
 + Level 5.7 Shields


You had 7 spell levels left.
You didn't know any spells.
Your spell library contained the following spells:

 Spells                   Type           Power      Damage    Failure   Level
 Sandblast                Erth           0%         2d4       80%         1
 Static Discharge         Conj/Air       0%         3-3/arc   90%         2
 Dazzling Flash           Conj/Hex       0%         N/A       99%         3
 Passwall                 Erth           0%         N/A       99%         3
 Stone Arrow              Conj/Erth      0%         3d7       99%         3
 Volatile Blastmotes      Fire/Tloc      0%         2d10      99%         3
 Airstrike                Air            0%         2d(0-16)  100%        4
 Brom's Barrelling Bould  Conj/Erth      0%         2d3       100%        4
 Summon Lightning Spire   Summ/Air       0%         N/A       100%        4
 Starburst                Conj/Fire      0%         6d3       100%        6
 Maxwell's Capacitive Co  Air            0%         ∞         100%        8


Dungeon Overview and Level Annotations

Branches:
Dungeon (5/15)
 Temple: D:4-7

Altars:
Elyvilon
Ru


Message History

The black bear claws you but does no damage.
The black bear barely misses you. You block the jelly's attack.
The black bear barely misses you. The black bear claws you.
You block the black bear's attack.
You closely miss the black bear.
The black bear is severely wounded.
You hit the jelly but do no damage. The acid corrodes you!
Your hands burn!
The black bear barely misses you.
The black bear claws you but does no damage.
The black bear claws you. The jelly hits you but does no damage.
You slash the black bear!
The black bear is almost dead.
You hit the jelly but do no damage.
Your hands burn!
The black bear bites you! The black bear barely misses you.
The black bear claws you. The jelly hits you.
You are splashed with acid!
The black bear barely misses you. The black bear claws you. x2
* * * LOW HITPOINT WARNING * * *
You hit the black bear.
You kill the black bear!
You slash the jelly!
Your hands burn!
* * * LOW HITPOINT WARNING * * *
The jelly hits you.
* * * LOW HITPOINT WARNING * * *
You are splashed with acid!
* * * LOW HITPOINT WARNING * * *
You hit the jelly but do no damage.
Your hands burn!
* * * LOW HITPOINT WARNING * * *
The jelly is heavily wounded.
The jelly closely misses you. The jelly hits you but does no damage.
You hit the jelly but do no damage.
Your hands burn!
* * * LOW HITPOINT WARNING * * *
The jelly is moderately wounded.
The jelly jiggles.
The jelly barely misses you.
You hit the jelly.
Your hands burn!
* * * LOW HITPOINT WARNING * * *
The jelly is severely wounded.
The jelly hits you but does no damage.
You hit the jelly but do no damage.
Your hands burn!
You die...

#...........# #...........#
#...........# #
#..........<# ########.#
#...........####..<....(##
#...........##...........#
....................#......
....................# .....
...............@...# ....
..#######.....J...# ...
#.........# .. #.........+
. #.........# .....#+#+###
..... .....


You could see a jelly.

Vanquished Creatures
  Duvessa (D:4)
  2 black bears
  A gnoll sergeant (D:3)
  Dowan (D:4)
  2 howler monkeys (D:3)
  A gnoll bouda (D:3)
  2 hounds
  A sleepcap (D:4)
  Ijyb (D:3)
  Natasha (D:3)
  26 gnolls
  5 adders
  A ribbon worm (D:2)
  2 dart slugs
  20 orcs
  7 endoplasms
  3 giant cockroaches
  7 goblins
  8 hobgoblins
  19 jackals
  4 quokkas
  2 ball pythons (D:1)
  8 bats
  A frilled lizard (D:3)
  7 kobolds
  20 rats
153 creatures vanquished.

Notes
Turn   | Place    | Note
-------+----------+-------------------------------------------
     0 | D:1      | boo the Hill Orc Fighter began the quest for the Orb.
     0 | D:1      | Reached XP level 1. HP: 19/19 MP: 1/1
    62 | D:1      | Reached skill level 3 in Axes
   155 | D:1      | Reached XP level 2. HP: 27/27 MP: 2/2
   278 | D:1      | Reached XP level 3. HP: 33/33 MP: 3/3
   904 | D:2      | Found a sacrificial altar of Ru.
  1242 | D:2      | Reached skill level 4 in Axes
  1242 | D:2      | Reached XP level 4. HP: 38/40 MP: 4/4
  1444 | D:2      | HP: 2/40 [gnoll/+0 halberd (5)]
  1997 | D:2      | Reached XP level 5. HP: 32/47 MP: 5/5
  2748 | D:3      | Reached skill level 5 in Axes
  2768 | D:3      | Reached XP level 6. HP: 45/55 MP: 6/6
  2859 | D:3      | Noticed Natasha
  2864 | D:3      | Killed Natasha
  2894 | D:3      | Noticed Ijyb
  3021 | D:3      | Killed Ijyb
  3079 | D:3      | Reached skill level 5 in Fighting
  3079 | D:3      | Reached skill level 6 in Axes
  3252 | D:3      | Reached XP level 7. HP: 37/61 MP: 7/7
  3711 | D:3      | Reached skill level 5 in Armour
  3882 | D:4      | Reached skill level 5 in Shields
  3935 | D:4      | Reached skill level 7 in Axes
  4003 | D:4      | Noticed Duvessa
  4003 | D:4      | Noticed Dowan
  4015 | D:4      | Killed Dowan
  4019 | D:4      | Killed Duvessa
  4404 | D:4      | Reached XP level 8. HP: 57/70 MP: 8/8
  4538 | D:4      | Found a white marble altar of Elyvilon.
  4801 | D:4      | Reached skill level 8 in Axes
  4979 | D:5      | Entered Level 5 of the Dungeon
  5014 | D:5      | HP: 1/70 [acid (4)]
  5015 | D:5      | Splashed by a jelly's acid

Illustrated notes

Levels and vault maps discovered:
D:1:      dpeg_arrival_round_a, layout_basic, minivault_11,
          minmay_gold_behind_fungi, minmay_heptomino_l4
D:2:      layout_basic, basic_altar, minmay_rat_hole
D:3:      lemuel_castle_with_subvaults [lemuel_castle_interior_carwin_2],
          layout_loops_ring, supply_closet_lemuel, uniq_natasha, uniq_ijyb
D:4:      layout_basic, elyvilon_altar_3, uniq_duvessa
D:5:      layout_basic, gup_ossuary_entry_pyramid, serial_demonic,
          serial_demonic_g, serial_demonic_d, serial_demonic_b,
          serial_demonic_b, serial_demonic_c, serial_demonic_f,
          corexii_item_surrounded_by_moat, uniq_edmund

Skill      XL: |  1  2  3  4  5  6  7  8 |
---------------+-------------------------+-----
Axes           | 3 4 5 6 7 8 |  8.3
Fighting       | 4 5 6 |  6.2
Armour         | 4 5 |  5.7
Shields        | 4 5 |  5.7

Action                     |  1- 3 |  4- 6 |  7- 9 || total
---------------------------+-------+-------+-------++-------
  Melee: War axe           |   102 |   212 |   166 ||   480
    Use: Scroll            |       |     4 |     2 ||     6
         Potion            |       |       |     1 ||     1
 Armour: Scale mail        |    92 |   215 |   142 ||   449
  Dodge: Dodged            |    58 |   144 |    77 ||   279
  Block: Buckler           |    23 |    56 |    41 ||   120

Table legend: (Time is in decaauts)
 A = Elapsed time spent in this place.
 B = Non-inter-level travel time spent in this place.
 C = Inter-level travel time spent in this place.
 D = Time resting spent in this place.
 E = Time spent auto-exploring this place.
 F = Levels seen in this place.
 G = Mean time per level.
                   A        B        C        D        E       F      G
               +--------+--------+--------+--------+--------+-----+--------+
         Total |   5143 |   5017 |    126 |   1184 |   2729 |   5 | 1028.6 |
       Dungeon |   5143 |   5017 |    126 |   1184 |   2729 |   5 | 1028.6 |
               +--------+--------+--------+--------+--------+-----+--------+

Top non-repeatable levels by time:
     D:3: 1625 daAuts
     D:1: 1249 daAuts
     D:4: 1170 daAuts
     D:2: 1061 daAuts
     D:5: 37 daAuts
